 Dungeon Crawl Stone Soup version 0.18-a0-183-gad09a0e (webtiles) character file.

3556 Raultor the Covert (level 10, -2/49 HPs)
             Began as a Vine Stalker Assassin on Nov 23, 2015.
             Slain by a killer bee (4 damage)
             ... on level 7 of the Dungeon.
             The game lasted 00:30:13 (6794 turns).

Raultor the Covert (Vine Stalker Assassin)          Turns: 6794, Time: 00:30:13

Health: -2/49      AC:  3    Str: 15    XL:     10   Next: 9%
Magic:  0/14       EV:  8    Int: 11    God:
Gold:   391        SH:  0    Dex: 18    Spells: 0 memorised, 9 levels left

rFire  . . .     SeeInvis .     a - +0 short sword (drain)
rCold  . . .     Clarity  .     c - +0 robe
rNeg   . . .     SustAt   .     (no shield)
rPois  +         Gourm    .     (no helmet)
rElec  .         Spirit   +     d - +0 cloak
rCorr  .         Warding  .     (no gloves)
rMut   .         Stasis   +     (no boots)
MR     +....                    B - amulet of stasis
Stlth  ++++++....               G - ring of invisibility
                                E - ring of poison resistance

@: lethally poisoned (-2 -> -7), very slightly contaminated, somewhat resistant
to hostile enchantments, very stealthy
A: fangs 3, regeneration 2, magic shield, antimagic bite, no device heal 3, rot
immunity
a: Evoke Invisibility


You were on level 7 of the Dungeon.
You were not hungry.

You visited 2 branches of the dungeon, and saw 9 of its levels.

You collected 573 gold pieces.
You spent 182 gold pieces at shops.

Inventory:

Hand Weapons
 a - a +0 short sword of draining (weapon)
 b - a +0 blowgun
 l - a +2 dagger of holy wrath
Missiles
 e - 14 poisoned needles
 f - 6 curare-tipped needles
 w - a throwing net (quivered)
Armour
 c - a +0 robe (worn)
 d - a +0 cloak (worn)
Jewellery
 B - an amulet of stasis (around neck)
 C - an uncursed amulet of resist corrosion
 E - a ring of poison resistance (left hand)
 G - a ring of invisibility (right hand)
Wands
 J - a wand of polymorph (6)
Scrolls
 h - 3 scrolls of amnesia
 i - 2 scrolls of teleportation
 k - 9 scrolls of identify
 o - 2 scrolls of enchant weapon {unknown}
 q - 3 scrolls of immolation {unknown}
 r - 2 scrolls of remove curse {unknown}
 s - 3 scrolls of fear {unknown}
 t - 2 scrolls of magic mapping {unknown}
 u - a scroll of enchant armour {unknown}
 y - a scroll of noise {unknown}
 D - 2 scrolls of blinking {unknown}
Potions
 n - 3 potions of flight {unknown}
 p - 5 potions of curing
 v - a potion of invisibility {unknown}
 x - a potion of poison {unknown}
 z - 3 potions of degeneration {unknown}
 A - a potion of heal wounds {unknown}
 F - 2 potions of might {unknown}
 I - a potion of haste
Comestibles
 g - 3 bread rations
 j - 15 fruits
 m - 5 meat rations
 H - a royal jelly
 K - 4 chunks of flesh


   Skills:
 + Level 3.1 Fighting
 + Level 5.5 Short Blades
 - Level 2.0 Throwing
 + Level 2.6 Dodging
 - Level 13.9 Stealth
 * Level 5.1 Evocations


You had 9 spell levels left.
You didn't know any spells.

Dungeon Overview and Level Annotations

Branches:
Dungeon (8/15)             Temple (1/1) D:5
   Lair: D:8-11

Altars:
Cheibriados
Dithmenos
Elyvilon
Kikubaaqudgha
Makhleb
Nemelex Xobeh
Okawaru
Ru
Sif Muna
Trog
Vehumet
Xom
Yredelemnul
The Shining One

Shops:
D:6 !   D:7 *

Annotations:
D:8 Psyche


Innate Abilities, Weirdness & Mutations

You have razor-sharp teeth.
You heal very quickly.
When hurt, damage is shared between your health and your magic reserves.
Your bite disrupts and absorbs the magic of your enemies.
Potions and wands cannot restore your health.
You are immune to rotting.


Message History

Okay, then.
Drink which item? (? for menu, Esc to quit)
Okay, then.
Okay, then.
The killer bee stings you but does no damage.
The killer bee misses you.
There is a stone staircase leading down, spattered with blood here.
The killer bee stings you.
You are more poisoned.
The killer bee poisons you!
The killer bee stings you but does no damage.
You feel sick. The killer bee completely misses you. The killer bee stings you.
* * * LOW HITPOINT WARNING * * *
You are lethally poisoned!
The killer bee poisons you! The killer bee barely misses you.
The killer bee closely misses you.
There is a stone staircase leading up here.
* * * LOW HITPOINT WARNING * * *
You feel sick. The killer bee barely misses you. The killer bee stings you.
You die...

.###+###+###y.#......#..#....#...
.#...###..##..#......#..#....'...
.#............#......#..#....#...
.#............#......#..#....#+#.
.#######..##..#......#..#........
.......#####..#......'..#........
.......# #...#....).#..#........
.......# #...#..y>..#..#........
.......# #...#.@y...#..#........
##.....# #...#..y...#..#........
#.....# #.###......#..#....####
#.....# ### #......#..#....#
#.....# #......#..#....# #<....#
#....[.####....# ####### ########
######


You could see 3 killer bees.

Vanquished Creatures
  An ugly thing (D:7)
  A basilisk (D:7)
  A hippogriff (D:7)
  Eustachio (D:6)
  An orc warrior (D:7)
  A sky beast (D:7)
  A black bear (D:7)
  A necrophage (D:7)
  4 centaurs
  4 ogres
  3 giant frogs
  Blork the orc (D:6)
  A water moccasin zombie (D:7)
  2 scorpions
  An electric eel (D:6)
  3 crimson imps
  4 orc priests
  5 jellies
  Crazy Yiuf (D:3)
  A centaur zombie (D:7)
  4 hounds
  A giant frog zombie (D:7)
  An orc wizard (D:8)
  7 worker ants
  2 giant frog skeletons
  Terence (D:3)
  An iguana (D:4)
  A hound skeleton (D:7)
  A worker ant zombie (D:5)
  5 gnolls
  17 adders
  A shadow imp (D:5)
  An adder zombie (D:6)
  2 worms
  19 orcs
  4 ball pythons
  4 bat zombies (D:7)
  4 giant cockroaches
  10 hobgoblins
  4 jackals (D:1)
  8 quokkas
  9 bats
  A giant cockroach zombie (D:6)
  3 giant geckos
  9 giant newts
  6 goblins
  6 kobolds
  2 quokka skeletons
  A quokka zombie (D:5)
  3 rats
  2 rat zombies (D:7)
178 creatures vanquished.

Notes
Turn   | Place    | Note
--------------------------------------------------------------
     0 | D:1      | Raultor the Vine Stalker Assassin began the quest for the Orb.
     0 | D:1      | Reached XP level 1. HP: 11/11 MP: 2/2
    48 | D:1      | Reached skill level 5 in Stealth
    90 | D:1      | Reached XP level 2. HP: 15/15 MP: 3/3
   352 | D:1      | Reached skill level 1 in Dodging
   475 | D:1      | Reached XP level 3. HP: 18/18 MP: 4/4
  1422 | D:3      | Reached skill level 6 in Stealth
  1465 | D:3      | Reached XP level 4. HP: 23/23 MP: 5/5
  1724 | D:3      | Noticed Terence
  1731 | D:3      | Killed Terence
  1812 | D:3      | Reached XP level 5. HP: 27/27 MP: 6/6
  2113 | D:3      | Reached skill level 7 in Stealth
  2215 | D:3      | Noticed Crazy Yiuf
  2226 | D:3      | Killed Crazy Yiuf
  2226 | D:3      | Gained mutation: You heal very quickly. [Vine Stalker growth]
  2226 | D:3      | Reached XP level 6. HP: 29/32 MP: 5/7
  2263 | D:3      | Found a snail-covered altar of Cheibriados.
  2501 | D:4      | Reached skill level 8 in Stealth
  2627 | D:4      | Reached XP level 7. HP: 31/36 MP: 8/8
  3053 | D:4      | Reached skill level 1 in Evocations
  3079 | D:5      | Entered Level 5 of the Dungeon
  3204 | D:5      | Reached skill level 9 in Stealth
  3433 | D:5      | Found a staircase to the Ecumenical Temple.
  3524 | D:5      | Reached skill level 10 in Stealth
  3524 | D:5      | Gained mutation: You have razor-sharp teeth. [Vine Stalker growth]
  3524 | D:5      | Reached XP level 8. HP: 24/40 MP: 8/10
  4055 | D:6      | Found Neliott's Distillery.
  4062 | D:6      | Bought a potion of haste for 140 gold pieces
  4062 | D:6      | Bought a potion of curing for 42 gold pieces
  4082 | D:6      | Reached skill level 11 in Stealth
  4122 | D:6      | Noticed Eustachio
  4236 | D:6      | Killed Eustachio
  4489 | Temple   | Entered the Ecumenical Temple
  4703 | D:6      | Reached XP level 9. HP: 40/44 MP: 12/12
  4902 | D:6      | Reached skill level 12 in Stealth
  4903 | D:6      | Noticed Blork the orc
  4906 | D:6      | Killed Blork the orc
  4947 | D:6      | Found a sparkling altar of Nemelex Xobeh.
  5088 | D:7      | Noticed a brown ugly thing
  5091 | D:7      | Killed a brown ugly thing
  5361 | D:7      | Reached skill level 13 in Stealth
  5499 | D:7      | Found an ancient bone altar of Kikubaaqudgha.
  5548 | D:7      | Found a glowing golden altar of the Shining One.
  5550 | D:7      | Found a bloodstained altar of Trog.
  5574 | D:7      | Found Zirel's Assorted Antiques.
  5853 | D:7      | Found a burning altar of Makhleb.
  5856 | D:7      | Found a radiant altar of Vehumet.
  5857 | D:7      | Found a basalt altar of Yredelemnul.
  6071 | D:7      | Reached skill level 5 in Short Blades
  6337 | D:7      | Reached skill level 5 in Evocations
  6337 | D:7      | Reached XP level 10. HP: 32/49 MP: 9/14
  6398 | D:7      | HP: 2/49 [killer bee (2)]
  6679 | D:8      | Noticed Psyche
  6793 | D:7      | HP: 2/49 [killer bee (3)]
  6794 | D:7      | Slain by a killer bee

Vault maps used:
D:1:      minmay_arrival_solitary_statue
D:2:      nrook_uturn, minmay_misc_feat_chi
D:3:      kennysheep_six_static_rooms, marbit_many_paths,
          minmay_misc_feat_pillars, guppyfry_early_orc_mine, uniq_terence,
          uniq_crazy_yiuf_cottage
D:5:      minmay_temple_entry_from_below_a, first_bread,
          guppyfry_early_lair_pool
D:6:      wad_pebble_path, kennysheep_mini, serial_shops, shop,
          water_maze_lemuel, uniq_eustachio, uniq_blork_the_orc
D:7:      hangedman_cross_stitches, nicolae_overflow_hidden_temple,
          lemuel_zombie_altar_kikubaaqudgha, serial_shops, shop
D:8:      grunt_temple_overflow_forces_of_nature,
          grunt_temple_overflow_gold_and_silver, ashenzari_altar_1, uniq_psyche
Temple:   hc_temple_tempest_star_small

Action                   |  1- 3 |  4- 6 |  7- 9 | 10-12 || total
-------------------------+-------+-------+-------+-------++-------
Melee: Dagger            |    15 |       |    20 |     2 ||    37
       Short sword       |    78 |   139 |   261 |    36 ||   514
 Fire: Blowgun           |       |       |    23 |       ||    23
Throw: Throwing net      |       |     1 |     1 |       ||     2
 Abil: Evoke Invisibilit |       |       |     4 |     2 ||     6
  Use: Scroll            |       |       |     2 |       ||     2
       Potion            |       |       |       |     1 ||     1
 Stab: Sleeping          |    10 |    13 |    24 |     4 ||    51
       Invisible         |       |       |     3 |     2 ||     5
       Distracted        |       |       |     1 |       ||     1
  Eat: Chunk             |     2 |     4 |    12 |     2 ||    20
       Pizza             |       |       |     1 |       ||     1
